 Dungeon Crawl Stone Soup version 0.29-a0-409-gd843f3a48c (webtiles) character file.

Game seed: 11653624463840098528

4979 quokkamancerX the Quickloader (level 10, -1/73 HPs)
             Began as a Human Hunter on May 14, 2022.
             Was a Priest of Okawaru.
             Slain by a red ugly thing (14 damage)
             ... on level 9 of the Dungeon.
             The game lasted 00:58:52 (9952 turns).

quokkamancerX the Quickloader (Human Hunter)        Turns: 9952, Time: 00:58:53

Health: -1/73      AC:  7    Str: 11    XL:     10   Next: 83%
Magic:  12/12      EV: 20    Int:  9    God:    Okawaru [***...]
Gold:   419        SH:  0    Dex: 22    Spells: 9/9 levels left

rFire   . . .      SeeInvis .   b - +2 demon whip (venom)
rCold   + . .      Faith    .   (no shield)
rNeg    . . .      Spirit   .   M - +0 steam dragon scales
rPois   .          Reflect  .   l - +0 helmet
rElec   .          Harm     .   (no cloak)
rCorr   .          Rampage  .   E - +0 pair of gloves
Will    .....                   (no boots)
Stlth   ++++......              m - amulet of regeneration
HPRegen 1.02/turn               s - +4 ring of slaying
MPRegen 0.13/turn               I - ring of protection from cold

@: mighty
A: no striking features
a: Renounce Religion, Heroism


You were on level 9 of the Dungeon.
You worshipped Okawaru.
Okawaru was most pleased with you.
You visited 2 branches of the dungeon, and saw 10 of its levels.

You collected 523 gold pieces.
You spent 104 gold pieces at shops.

Inventory:

Hand Weapons
 a - a +1 hand crossbow
 b - a +2 demon whip of venom (weapon)
 J - a +0 triple sword
Missiles
 u - 11 curare-tipped darts (quivered)
 A - 2 throwing nets
 L - 2 atropa-tipped darts
Armour
 l - a +0 helmet (worn)
 E - a +0 pair of gloves (worn)
 M - +0 steam dragon scales (worn)
Jewellery
 j - a ring of fire
 m - an amulet of regeneration (around neck)
 s - a +4 ring of slaying (left hand)
 I - a ring of protection from cold (right hand)
Wands
 k - a wand of acid (9)
 D - a wand of digging (5)
 G - a wand of flame (21)
 N - a wand of paralysis (4)
Scrolls
 c - a scroll of immolation
 d - a scroll of enchant armour {unknown}
 f - 2 scrolls of poison
 g - 2 scrolls of torment
 h - a scroll of silence
 i - 2 scrolls of identify
 n - 6 scrolls of teleportation
 o - a scroll of amnesia
 q - a scroll of fear
 t - a scroll of vulnerability
 y - a scroll of magic mapping
 C - 3 scrolls of fog
 K - a scroll of enchant weapon {unknown}
Potions
 e - a potion of resistance {unknown}
 p - a potion of might
 r - 2 potions of lignification {unknown}
 v - 2 potions of flight {unknown}
 w - 4 potions of heal wounds
 x - 2 potions of haste
 z - a potion of berserk rage
 B - a potion of cancellation
 F - a potion of ambrosia {unknown}
 H - a potion of attraction {unknown}


   Skills:
 + Level 4.4 Fighting
 - Level 10.0 Crossbows
 - Level 10.0 Dodging
 - Level 6.0 Stealth
 + Level 3.2 Invocations


You had 9 spell levels left.
You didn't know any spells.
Your spell library contained the following spells:

 Spells                   Type           Power      Damage    Failure   Level
 Blink                    Tloc           0%         N/A       52%         2
 Gell's Gravitas          Tloc           0%         N/A       77%         3
 Teleport Other           Tloc           0%         N/A       77%         3
 Manifold Assault         Tloc           0%         N/A       100%        5
 Dispersal                Tloc           0%         N/A       100%        6
 Orb of Destruction       Conj           0%         9d5       100%        7
 Storm Form               Tmut/Air       0%         N/A       100%        7
 Summon Guardian Golem    Hex/Summ       Unusable   N/A       N/A         3
 Spellforged Servitor     Conj/Summ      Unusable   N/A       N/A         7

Dungeon Overview and Level Annotations

Branches:
Dungeon (9/15)             Temple (1/1) D:7             Orc (0/2) D:9
   Lair: D:8-11

Altars:
Ashenzari
Cheibriados
Dithmenos
Elyvilon
Fedhas
Gozag
Hepliaklqana
Kikubaaqudgha
Makhleb
Nemelex Xobeh
Okawaru
Qazlal
Sif Muna
Trog
Uskayaw
Vehumet
Wu Jian
Xom
Yredelemnul
Zin
The Shining One

Shops:
D:8 !*

Annotations:
D:5 2 transporters, Taurus's ghost, amateur MiBe


Message History

Okawaru accepts your kill.
No target in view!
No target in view!
No target in view!
No target in view!
A red ugly thing comes into view.
Things that are here:
a +0 flail; a +0 chain mail; an orc corpse You shoot a bolt.
The bolt closely misses the red ugly thing.
You shoot a bolt. The bolt hits the red ugly thing!
The red ugly thing is lightly wounded.
You shoot a bolt. The bolt hits the red ugly thing.
The red ugly thing is moderately wounded.
You shoot a bolt. The bolt hits the red ugly thing.
The red ugly thing is moderately wounded.
You shoot a bolt. The bolt hits the red ugly thing.
The red ugly thing is moderately wounded.
You shoot a bolt. The bolt hits the red ugly thing!
The red ugly thing is heavily wounded.
The red ugly thing gores you!
You are engulfed in flames!
You are too injured to fight recklessly!
The red ugly thing attacks as you move away!
The red ugly thing gores you but does no damage.
There is a stone staircase leading up here.
You are too injured to fight recklessly!
You are too injured to fight recklessly!
Your +2 demon whip of venom begins to drip with poison!
b - a +2 demon whip of venom (weapon)
You feel very mighty all of a sudden. The red ugly thing closely misses you.
You completely miss the red ugly thing.
The red ugly thing is heavily wounded.
The red ugly thing gores you.
You are engulfed in flames!!
You whack the red ugly thing!
The red ugly thing is severely wounded.
The red ugly thing gores you!
* * * LOW HITPOINT WARNING * * *
You are engulfed in flames!
You die...

###........,,,
####..#.......,,,
##....#........,,,
#..)...........,,,
#..............,,,
#..............,,,
#<)))..........,**
#<.............,*
#@u........o..,,**
#..............,,,
#..............,,,
#..............,,,
##.#........)..,,,
###....o......,,,
##...#......,,,
##.#...[...,,,
##........,,,


You could see a red ugly thing and an orc.

Vanquished Creatures
  Amaemon (D:7)
  Pikel (D:8)
  A cyclops (D:8)
  An orange demon (D:8)
  Sigmund (D:4)
  2 steam dragons
  Menkaure (D:5)
  2 water moccasins
  A black bear (D:7)
  An orc warrior (D:6)
  4 ogres
  A centaur (D:5)
  2 kobold brigands
  2 phantoms
  A lemure (D:8)
  A gnoll sergeant (D:6)
  2 bullfrogs
  2 scorpions
  4 wights
  4 howler monkeys
  4 hounds
  3 jellies
  2 gnoll shamans
  2 orc priests
  An iguana (D:6)
  4 orc wizards
  32 gnolls
  9 adders
  A white imp (D:7)
  2 ufetubi
  2 worms
  3 dart slugs
  39 orcs
  6 ball pythons
  5 bats
  5 endoplasms
  3 giant cockroaches
  9 goblins
  8 hobgoblins
  19 jackals
  4 quokkas
  5 frilled lizards
  17 kobolds
  5 rats
225 creatures vanquished.

Vanquished Creatures (collateral kills)
  An adder (D:6)
1 creature vanquished.

Vanquished Creatures (others)
  7 plants (D:1)
7 creatures vanquished.

Grand Total: 233 creatures vanquished

Notes
Turn   | Place    | Note
-------+----------+-------------------------------------------
     0 | D:1      | quokkamancerX the Human Hunter began the quest for the Orb.
     0 | D:1      | Reached XP level 1. HP: 16/16 MP: 1/1
    51 | D:1      | Reached XP level 2. HP: 22/22 MP: 2/2
   244 | D:1      | Reached XP level 3. HP: 27/27 MP: 3/3
  1257 | D:2      | Reached XP level 4. HP: 33/33 MP: 4/4
  2100 | D:3      | Reached skill level 5 in Crossbows
  2100 | D:3      | Reached XP level 5. HP: 38/38 MP: 5/5
  2443 | D:3      | Noticed a great orb of eyes
  2449 | D:3      | Found a faded altar of an unknown god.
  2450 | D:3      | Noticed a golden eye
  2450 | D:3      | Noticed a golden eye
  2450 | D:3      | Noticed a shining eye
  2955 | D:4      | Noticed Sigmund
  2963 | D:4      | Killed Sigmund
  2964 | D:4      | Reached XP level 6. HP: 38/44 MP: 6/6
  3258 | D:4      | Noticed an ogre
  3343 | D:3      | Reached skill level 5 in Stealth
  3343 | D:3      | Reached XP level 7. HP: 26/50 MP: 7/7
  3892 | D:4      | Reached XP level 8. HP: 56/56 MP: 8/8
  4507 | D:5      | Entered Level 5 of the Dungeon
  4507 | D:5      | Found a transporter.
  5066 | D:5      | Found a transporter.
  5270 | D:5      | Noticed Menkaure
  5275 | D:5      | Killed Menkaure
  5336 | D:5      | Noticed Taurus's ghost (amateur MiBe)
  5528 | D:6      | Reached skill level 5 in Dodging
  5602 | D:6      | Reached XP level 9. HP: 56/61 MP: 9/9
  5777 | D:6      | Noticed a two-headed ogre
  6617 | D:7      | Found a staircase to the Ecumenical Temple.
  6631 | Temple   | Entered the Ecumenical Temple
  6823 | Temple   | Became a worshipper of Warmaster Okawaru
  7962 | D:8      | Noticed Pikel
  8016 | D:8      | Noticed Amaemon
  8016 | D:8      | Noticed an orange demon
  8059 | D:7      | Reached skill level 10 in Crossbows
  8059 | D:7      | Reached XP level 10. HP: 32/67 MP: 10/10
  8127 | D:8      | Noticed a cyclops
  8154 | D:8      | Killed a cyclops
  8154 | D:8      | Reached * piety under Okawaru
  8750 | D:8      | Killed Pikel
  8750 | D:8      | Reached ** piety under Okawaru
  8789 | D:8      | Found Xaoquv's Gadget Gallery.
  8796 | D:8      | Found Munlijez's Distillery.
  8963 | D:8      | Bought a potion of curing for 39 gold pieces
  8963 | D:8      | Bought a potion of heal wounds for 65 gold pieces
  9131 | D:8      | Found Munlijez's Distillery.
  9146 | D:8      | Found Xaoquv's Gadget Gallery.
  9408 | D:7      | Killed Amaemon
  9409 | D:7      | Reached skill level 10 in Dodging
  9631 | D:8      | Killed an orange demon
  9631 | D:8      | Reached *** piety under Okawaru
  9919 | D:9      | Found a radiant altar of Vehumet.
  9922 | D:9      | Found an ancient bone altar of Kikubaaqudgha.
  9923 | D:9      | Found a shimmering blue altar of Sif Muna.
  9941 | D:9      | Noticed a red ugly thing
  9952 | D:9      | Slain by a red ugly thing

Illustrated notes

Levels and vault maps discovered:
D:1:      elethiomel_arrival_shortcut, layout_loops_ring, serial_forest,
          infiniplex_forest_clump_curved, infiniplex_forest_clump_long,
          infiniplex_forest_clump_small, infiniplex_forest_pool,
          infiniplex_forest_lined_4_way, infiniplex_forest_straight_3,
          infiniplex_forest_lined_room_2, infiniplex_forest_end_double,
          minmay_nonomino_d4
D:2:      layout_basic, lemuel_another_geyser
D:3:      layout_loops_ring, hellmonk_ecumenical_altar_watching_god
D:4:      lemuel_castle_with_subvaults [lemuel_castle_interior_original],
          layout_basic, uniq_sigmund
D:5:      layout_loops_cross, gammafunk_ghost_stat_death, uniq_menkaure
D:6:      layout_basic, hangedman_decor_opposing, lightli_corner_chamber
D:7:      layout_gridville, temple_pool_b
D:8:      layout_layer_cave, serial_shops, shop, nicolae_shop_gadgets,
          uniq_pikel, uniq_amaemon
D:9:      layout_big_octagon, chequers_temple_overflow_statue_of_worship,
          david_orc_3
Temple:   eino_narrow_crystal_temple

Skill      XL: |  1  2  3  4  5  6  7  8  9 10 |
---------------+-------------------------------+-----
Stealth        | 2 3 4 5 6 |  6.0
Crossbows      | 5 6 7 8 10 | 10.0
Dodging        | 5 7 10 | 10.0
Fighting       | 4 |  4.4
Invocations    | 3 |  3.2

Action                   |  1- 3 |  4- 6 |  7- 9 | 10-12 || total
-------------------------+-------+-------+-------+-------++-------
Melee: Whip              |    23 |    19 |    13 |       ||    55
       Punch             |       |     1 |       |       ||     1
       Short sword       |       |       |     6 |     3 ||     9
       Demon whip        |       |       |       |     2 ||     2
 Fire: Hand crossbow     |    77 |   101 |   391 |   132 ||   701
Throw: Dart              |       |       |     5 |     1 ||     6
       Throwing net      |       |       |     2 |       ||     2
Evoke: Wand              |       |       |       |     2 ||     2
  Use: Scroll            |     1 |     3 |    11 |     1 ||    16
       Potion            |       |       |     3 |     3 ||     6
 Stab: Sleeping          |       |       |     1 |       ||     1
Armor: Leather armour    |     3 |       |       |       ||     3
       Ring mail         |    12 |    18 |    80 |       ||   110
       Steam dragon scal |       |       |       |    14 ||    14
Dodge: Dodged            |    32 |    33 |   226 |    57 ||   348

Table legend: (Time is in decaauts)
 A = Elapsed time spent in this place.
 B = Non-inter-level travel time spent in this place.
 C = Inter-level travel time spent in this place.
 D = Time resting spent in this place.
 E = Time spent auto-exploring this place.
 F = Levels seen in this place.
 G = Mean time per level.
                   A        B        C        D        E       F      G
               +--------+--------+--------+--------+--------+-----+--------+
         Total |  10127 |   9606 |    521 |    633 |   2563 |  10 | 1012.7 |
       Dungeon |   9919 |   9412 |    507 |    633 |   2398 |   9 | 1102.1 |
        Temple |    207 |    193 |     14 |      0 |    165 |   1 |  207.0 |
               +--------+--------+--------+--------+--------+-----+--------+

Top non-repeatable levels by time:
     D:4: 1949 daAuts
     D:8: 1667 daAuts
     D:7: 1487 daAuts
     D:1: 1151 daAuts
     D:6: 1009 daAuts
     D:2: 975 daAuts
     D:5: 928 daAuts
     D:3: 654 daAuts
  Temple: 207 daAuts
     D:9: 96 daAuts
